 Dungeon Crawl Stone Soup version 0.27-a0-1196-g3e9cee4cb2 (webtiles) character file.

Game seed: 17408284598493555059

21 Glokmah the Grasshopper (level 2, -4/26 HPs)
             Began as a Gnoll Warper on May 29, 2021.
             Slain by a kobold
             ... wielding a +0 short sword
              (5 damage)
             ... on level 2 of the Dungeon.
             The game lasted 00:02:19 (943 turns).

Glokmah the Grasshopper (Gnoll Warper)               Turns: 943, Time: 00:02:20

Health: -4/26      AC:  4    Str: 10    XL:     2   Next: 83%
Magic:  7/7        EV: 12    Int: 12    God:
Gold:   85         SH:  0    Dex: 11    Spells: 7/10 levels left

rFire    . . .     SeeInvis .   a - +0 hand axe
rCold    . . .     Faith    .   (no shield)
rNeg     . . .     Spirit   .   b - +0 leather armour
rPois    .         Reflect  .   (no helmet)
rElec    .         Harm     .   (no cloak)
rCorr    .         Rampage  .   h - +0 pair of gloves
Will     .....                  (no boots)
Stlth    +.........             (no amulet)
HPRegen  0.08/turn              (no ring)
MPRegen  0.10/turn              (no ring)

@: flying
A: fangs 1, strong nose, distributed training
a: no special abilities


You were on level 2 of the Dungeon.
You visited 1 branch of the dungeon, and saw 2 of its levels.

You collected 85 gold pieces.

Inventory:

Hand Weapons
 a - a +0 hand axe (weapon)
Missiles
 e - 5 boomerangs of dispersal (quivered)
 f - 14 poisoned darts
 j - 8 boomerangs
Armour
 b - a +0 leather armour (worn)
 h - a +0 pair of gloves (worn)
Scrolls
 c - a scroll of enchant armour {unknown}
 d - a scroll of blinking
 g - a scroll of fog {unknown}
 k - a scroll of fear {unknown}


   Skills:
 + Level 4.5 Fighting
 + Level 0.5 Short Blades
 + Level 0.5 Long Blades
 + Level 4.5 Axes
 + Level 0.5 Maces & Flails
 + Level 0.5 Polearms
 + Level 0.5 Staves
 + Level 0.5 Slings
 + Level 0.5 Bows
 + Level 0.5 Crossbows
 + Level 2.5 Throwing
 + Level 2.5 Armour
 + Level 4.5 Dodging
 + Level 0.5 Stealth
 + Level 0.5 Shields
 + Level 0.5 Unarmed Combat
 + Level 4.9 Spellcasting
 + Level 0.3 Conjurations
 + Level 0.3 Hexes
 + Level 0.3 Summonings
 + Level 0.3 Necromancy
 + Level 5.3 Translocations
 + Level 0.3 Transmutations
 + Level 0.3 Fire Magic
 + Level 0.3 Ice Magic
 + Level 0.3 Air Magic
 + Level 0.3 Earth Magic
 + Level 0.3 Poison Magic
 + Level 0.6 Invocations
 + Level 0.5 Evocations


You had 7 spell levels left.
You knew the following spells:

 Your Spells              Type           Power      Damage    Failure   Level
a - Blink                 Tloc           N/A        N/A       4%          2
b - Apportation           Tloc           30%        N/A       3%          1

Your spell library contained the following spells:

 Spells                   Type           Power      Damage    Failure   Level
 Gell's Gravitas          Tloc           7%         N/A       9%          3
 Lesser Beckoning         Tloc           7%         N/A       9%          3
 Teleport Other           Tloc           15%        N/A       9%          3
 Animate Skeleton         Necr           6%         N/A       22%         1
 Corona                   Hex            3%         N/A       22%         1
 Foxfire                  Conj/Fire      12%        2x1d4     22%         1
 Magic Dart               Conj           12%        1d3       22%         1
 Sandblast                Erth           6%         2d5       22%         1
 Sting                    Tmut/Pois      12%        1d3       22%         1
 Summon Small Mammal      Summ           12%        N/A       22%         1
 Manifold Assault         Tloc           15%        N/A       63%         5


Dungeon Overview and Level Annotations

Branches:
Dungeon (2/15)

Altars:
Xom


Innate Abilities, Weirdness & Mutations

You have very sharp teeth.
Your uncanny sense of smell can sniff out nearby items.
Your experience applies equally to all skills.


Message History

The kobold hits you with a +0 short sword.
The adder bites you.
You are poisoned.
The adder poisons you!
You barely miss the adder. Your punch misses the adder.
The adder is heavily wounded.
You closely miss the kobold.
You feel sick. The adder misses you. The kobold hits you but does no damage.
You closely miss the adder. Your bite misses the adder.
The adder is heavily wounded.
You closely miss the kobold.
You feel sick. The adder misses you. The kobold completely misses you.
The adder bites you but does no damage.
You closely miss the adder.
The adder is heavily wounded.
You closely miss the kobold.
You feel sick. The kobold hits you but does no damage.
The adder bites you but does no damage.
You barely miss the adder.
The adder is heavily wounded.
You closely miss the kobold.
You feel sick. The adder bites you but does no damage.
The kobold hits you with a +0 short sword.
* * * LOW HITPOINT WARNING * * *
You hit the adder.
The adder is severely wounded.
You closely miss the kobold.
* * * LOW HITPOINT WARNING * * *
You feel sick. The adder bites you but does no damage.
The kobold hits you but does no damage. The adder misses you.
It was a potion of flight.
You feel very buoyant.
You fly up into the air.
* * * LOW HITPOINT WARNING * * *
You feel sick.
You are no longer poisoned.
The kobold hits you but does no damage. The adder closely misses you.
You closely miss the adder.
The adder is severely wounded.
You barely miss the kobold. The adder bites you but does no damage.
The kobold hits you with a +0 short sword.
You die...

#.# #. #...
##.####..##
.(.........
..........
#.......#
#.._....######
#....KS.......
#.....@# ###....#
#....#
###########.#
#.....#
###.#######
#>###.#
#.........# #.#
#.# #.#.#####.#
#.###.###........
#.........#.#####
#.#


You could see an adder and a kobold.

Vanquished Creatures
  A dart slug (D:1)
  2 giant cockroaches (D:1)
  2 goblins
  3 jackals (D:1)
  2 kobolds (D:1)
  2 quokkas
  A ball python (D:1)
  A bat (D:1)
  3 rats (D:1)
17 creatures vanquished.

Notes
Turn   | Place    | Note
-------+----------+-------------------------------------------
     0 | D:1      | Glokmah the Gnoll Warper began the quest for the Orb.
     0 | D:1      | Reached XP level 1. HP: 20/20 MP: 6/6
   104 | D:1      | Reached XP level 2. HP: 25/26 MP: 7/7
   114 | D:1      | Learned a level 2 spell: Blink
   458 | D:1      | Found a faded altar of an unknown god.
   578 | D:1      | Identified Zuoghi Zuomi's Spellcasting for Absolute
                  | Beginners
   821 | D:2      | Learned a level 1 spell: Apportation
   927 | D:2      | Found a shimmering altar of Xom.
   942 | D:2      | HP: 1/26 [poisoned by an adder]
   943 | D:2      | Slain by a kobold

Illustrated notes

Levels and vault maps discovered:
D:1:      minmay_arrival_checkered_box, layout_basic,
          shapermc_ecumenical_altar_mp_vishouse, serial_bayou_pond_d
D:2:      layout_loops_corners, serial_shops, shop, basic_altar,
          minmay_indecisive_spiral

Action                   || total
-------------------------++-------
Melee: Hand axe          ||    62
       Bite              ||     5
  Use: Potion            ||     1
Armor: Leather armour    ||    23
Dodge: Dodged            ||    47

Table legend: (Time is in decaauts)
 A = Elapsed time spent in this place.
 B = Non-inter-level travel time spent in this place.
 C = Inter-level travel time spent in this place.
 D = Time resting spent in this place.
 E = Time spent auto-exploring this place.
 F = Levels seen in this place.
 G = Mean time per level.
                   A        B        C        D        E       F      G
               +--------+--------+--------+--------+--------+-----+--------+
         Total |    950 |    877 |     73 |      0 |    647 |   2 |  475.0 |
       Dungeon |    950 |    877 |     73 |      0 |    647 |   2 |  475.0 |
               +--------+--------+--------+--------+--------+-----+--------+

Top non-repeatable levels by time:
     D:1: 780 daAuts
     D:2: 170 daAuts
